Map: Celestial Enclave LE

Players

herO - Winner!

  • Race: Protoss Protoss

Reynor

  • Race: Zerg Zerg

VOD

Have the link to the VOD?

Description

Time

  • Played on: Jan. 18, 2026, 3:32 a.m.
  • Length: 13:58
Show
View Real Time Build Order
Export as new Build Order

herO Protoss - Winner!

Build Orders: Nexus First, Oracle Opening 

Get SALT Encoding   

  12  0:00  Probe  
  13  0:12  Probe  
  14  0:16  Pylon  
  14  0:23  Probe  
  15  0:31  Probe  
  16  0:39  Probe  
  17  0:50  Probe  
  18  1:01  Nexus  
  18  1:09  Gateway  
  18  1:12  Probe  
  18  1:16  Assimilator  
  19  1:21  Probe  
  19  1:25  Assimilator  
  20  1:29  Probe  
  20  1:35  Pylon  
  20  1:38  Probe  
  22  1:50  Probe  
  23  1:56  Cybernetics Core  
  23  2:00  Probe  
  23  2:03  Zealot  
  23  2:08  Probe  
  26  2:09  Probe  
  28  2:16  Probe  
  28  2:17  Probe  
  30  2:27  Probe  
  30  2:28  Probe  
  32  2:32  Adept  
  32  2:35  Stargate  
  34  2:37  Warp Gate  
  34  2:40  Probe  
  34  2:42  Probe  
  36  2:52  Probe  
  36  2:54  Probe  
  38  3:02  Adept  
  41  3:07  Pylon  
  41  3:08  Oracle  
  40  3:14  Nexus  
  43  3:27  Twilight Council  
  43  3:28  Probe x2  
  43  3:31  Stalker  
  47  3:41  Probe x2  
  49  3:44  Gateway  
  49  3:50  Gateway  
  49  3:51  Resonating Glaives  
  49  3:55  Probe x2  
  51  4:00  Gateway  
  51  4:03  Pylon  
  51  4:07  Probe x2  
  53  4:13  Oracle  
  53  4:19  Probe  
  53  4:21  Probe  
  58  4:25  Adept  
  58  4:27  Probe  
  61  4:32  Probe  
  61  4:33  Probe  
  63  4:39  Pylon  
  63  4:42  Adept  
  65  4:48  Adept x2  
  65  4:51  Probe x3  
  65  4:52  Assimilator  
  72  4:53  Assimilator  
  72  4:54  Assimilator  
  72  4:57  Adept  
  74  5:03  Adept, Probe x2  
  74  5:05  Pylon  
  79  5:08  Adept x2  
  79  5:11  Probe  
  83  5:15  Probe x2  
  83  5:19  Pylon  
  85  5:23  Probe  
  85  5:28  Fleet Beacon  
  86  5:44  Forge  
  86  5:47  Stargate  
  86  5:54  Adept x3  
  92  5:58  Probe x3  
  95  6:05  Nexus  
  95  6:07  Protoss Air Weapons Level 1, Pylon  
  95  6:09  Pylon  
  95  6:12  Pylon  
  103  6:26  Mothership  
  103  6:28  Pylon  
  103  6:32  Photon Cannon, Shield Battery  
  103  6:35  Charge  
  103  6:36  Zealot x4  
  103  6:38  Tempest  
  111  6:59  Probe x2, Photon Cannon  
  113  7:04  Assimilator  
  113  7:06  Phoenix  
  113  7:08  Assimilator, Photon Cannon  
  113  7:11  Probe, Photon Cannon  
  113  7:12  Photon Cannon  
  113  7:13  Shield Battery  
  113  7:14  Phoenix  
  116  7:19  Photon Cannon  
  116  7:21  Shield Battery  
  116  7:22  Protoss Ground Weapons Level 1  
  118  7:25  Phoenix  
  118  7:27  Shield Battery  
  118  7:30  Probe  
  118  7:32  Probe, Phoenix  
  118  7:33  Anion Pulse-Crystals  
  122  7:44  Phoenix  
  123  7:54  Phoenix  
  123  7:57  Zealot x4  
  133  8:00  Photon Cannon  
  133  8:01  Pylon  
  133  8:16  Stargate  
  133  8:20  Cybernetics Core  
  133  8:22  Zealot  
  133  8:23  Carrier  
  135  8:27  Carrier  
  141  8:35  Protoss Air Weapons Level 2  
  141  8:36  Photon Cannon  
  147  8:43  Photon Cannon  
  147  8:54  Shield Battery  
  147  8:57  Templar Archives  
  147  8:58  Pylon  
  147  9:02  Zealot x3  
  153  9:10  Carrier  
  153  9:17  Carrier  
  159  9:26  Protoss Air Armor Level 1  
  159  9:33  Protoss Ground Weapons Level 2  
  159  9:38  Gateway x2  
  143  9:39  Carrier  
  143  9:44  Probe x2  
  143  9:45  Probe x2  
  147  9:49  Pylon  
  153  9:53  Zealot  
  155  10:03  High Templar x2  
  159  10:07  Nexus  
  159  10:10  Photon Cannon  
  151  10:14  Unknown  
  151  10:15  Archon  
  151  10:17  Shield Battery  
  143  10:34  High Templar x4  
  147  10:38  Gateway, Archon  
  147  10:39  Gateway  
  147  10:41  Void Ray, Gateway  
  147  10:44  Gateway  
  147  10:46  Void Ray, Gateway  
  153  10:56  Void Ray  
  157  10:59  Flux Vanes  
  157  11:04  Archon  
  153  11:06  Sentry, Zealot x2  
  159  11:19  High Templar x2, Zealot  
  159  11:25  Archon  
  165  11:28  Void Ray x2  
  165  11:29  Zealot x3  
  179  11:39  Void Ray  
  173  11:50  Sentry, Zealot x3  
  181  11:55  Pylon  
  181  11:59  Pylon  
  181  12:06  Pylon  
  181  12:07  Pylon  
  180  12:22  Zealot x5  
  188  12:27  Zealot x5  
  162  12:45  Zealot, High Templar x4  
  162  12:46  High Templar  
  170  12:56  High Templar x3  
  170  12:57  Archon  
  170  12:58  Archon  
  170  13:03  Archon  
  170  13:04  Archon  
  163  13:20  Oracle  
  163  13:23  High Templar x2, Zealot x6  
  179  13:27  Archon  
  179  13:33  Probe x2  
Show
View Real Time Build Order
Export as new Build Order

Reynor Zerg 

Build Orders: Hatch First 

Get SALT Encoding   

  12  0:00  Drone  
  13  0:07  Drone  
  14  0:14  Extractor  
  14  0:15  Drone  
  15  0:21  Overlord  
  15  0:40  Drone  
  16  0:44  Hatchery  
  16  0:48  Drone  
  16  0:52  Drone  
  16  0:56  Drone  
  18  1:06  Extractor  
  18  1:10  Spawning Pool  
  16  1:14  Drone  
  16  1:17  Drone  
  18  1:26  Drone  
  19  1:37  Drone  
  20  1:56  Queen  
  20  1:57  Queen  
  20  1:58  Zergling x4  
  26  2:02  Overlord  
  26  2:07  Drone  
  27  2:10  Drone  
  27  2:14  Metabolic Boost  
  28  2:21  Drone x2  
  30  2:30  Drone x2  
  32  2:39  Hatchery  
  32  2:41  Drone  
  32  2:46  Overlord  
  32  2:50  Drone  
  33  2:52  Drone  
  34  2:58  Queen  
  34  3:05  Drone x3  
  39  3:07  Overlord  
  39  3:11  Drone x2  
  40  3:14  Drone  
  40  3:17  Overlord  
  40  3:18  Drone  
  42  3:21  Drone  
  42  3:26  Queen  
  45  3:31  Drone x2  
  47  3:34  Spore Crawler  
  47  3:37  Spore Crawler  
  47  3:40  Drone  
  46  3:43  Queen  
  46  3:44  Drone  
  46  3:48  Drone x2  
  51  3:50  Drone  
  51  3:51  Drone  
  51  3:53  Drone  
  54  3:59  Drone  
  54  4:00  Drone  
  54  4:01  Drone  
  57  4:03  Spore Crawler  
  57  4:06  Lair  
  57  4:08  Drone x2  
  58  4:10  Zergling x2  
  58  4:11  Zergling x2  
  58  4:14  Overlord  
  58  4:16  Drone  
  61  4:22  Zergling x4, Roach Warren  
  62  4:25  Overlord  
  62  4:27  Drone x2  
  64  4:32  Drone  
  64  4:36  Extractor  
  64  4:37  Drone x2, Extractor  
  65  4:39  Drone x2  
  65  4:41  Overlord  
  67  4:46  Drone x2, Overlord  
  67  4:52  Overlord  
  69  5:01  Roach  
  69  5:02  Roach x4  
  69  5:03  Roach, Zergling x4  
  83  5:10  Drone x2  
  83  5:11  Hatchery  
  84  5:14  Drone  
  84  5:16  Overlord  
  84  5:20  Roach  
  87  5:22  Drone x3  
  87  5:25  Overlord  
  90  5:30  Evolution Chamber  
  90  5:31  Evolution Chamber  
  90  5:32  Roach x3, Evolution Chamber  
  90  5:33  Overlord  
  92  5:36  Drone  
  92  5:38  Drone x2  
  92  5:42  Spire  
  94  5:44  Drone x3  
  94  5:47  Drone x3, Extractor  
  94  5:49  Drone x2  
  102  5:52  Extractor  
  102  5:55  Extractor  
  100  6:03  Roach x3  
  100  6:04  Roach  
  105  6:07  Hatchery  
  105  6:08  Drone  
  105  6:09  Roach x2  
  105  6:10  Roach  
  111  6:14  Glial Reconstitution  
  111  6:15  Evolution Chamber  
  111  6:16  Drone  
  111  6:19  Overlord  
  111  6:23  Drone  
  112  6:26  Hatchery  
  112  6:27  Zergling x8  
  112  6:28  Overlord  
  112  6:30  Drone x2  
  118  6:36  Evolution Chamber  
  119  6:40  Drone x3  
  114  6:48  Zerg Melee Weapons Level 1  
  114  6:51  Evolution Chamber  
  114  6:52  Drone  
  114  6:55  Drone x2  
  116  7:04  Mutalisk x5  
  116  7:06  Drone x6  
  116  7:07  Drone  
  116  7:08  Drone x2  
  136  7:17  Baneling Nest  
  136  7:18  Zergling x8, Zerg Missile Weapons Level 1  
  139  7:24  Spore Crawler  
  139  7:26  Zergling x4  
  139  7:27  Zergling x2  
  142  7:30  Zergling x6  
  142  7:32  Overlord  
  144  7:39  Overlord  
  144  7:45  Drone  
  144  7:46  Zergling x10  
  144  7:48  Overlord  
  150  7:54  Zergling x14  
  150  7:57  Zergling x2  
  158  7:58  Drone  
  158  8:00  Zergling x6  
  158  8:01  Infestation Pit  
  158  8:02  Zergling x2  
  154  8:13  Centrifugal Hooks  
  154  8:15  Drone x2  
  154  8:17  Corruptor x7  
  154  8:18  Extractor  
  167  8:20  Drone x4  
  167  8:21  Overlord  
  167  8:25  Overlord, Corruptor  
  171  8:31  Zergling x10  
  171  8:36  Pneumatized Carapace, Overlord  
  171  8:39  Overlord  
  171  8:43  Overlord  
  171  8:46  Hive  
  169  8:53  Overlord  
  169  8:57  Corruptor x3  
  174  9:04  Drone  
  174  9:05  Drone  
  174  9:06  Zerg Ground Armor Level 1  
  174  9:09  Spore Crawler, Corruptor  
  174  9:10  Spore Crawler  
  174  9:12  Drone x2  
  176  9:19  Zerg Melee Weapons Level 2  
  176  9:21  Zergling x26  
  189  9:27  Queen  
  189  9:28  Corruptor x2  
  189  9:30  Drone x2  
  186  9:31  Zergling x4  
  186  9:34  Queen  
  186  9:35  Spore Crawler  
  186  9:38  Overlord  
  186  9:44  Overseer  
  186  9:47  Overlord  
  186  9:56  Hatchery  
  183  10:07  Adrenal Glands  
  183  10:08  Zergling x12, Ultralisk Cavern  
  183  10:10  Zergling x6  
  187  10:14  Zerg Flyer Weapons Level 1  
  181  10:33  Drone x2  
  174  10:37  Extractor  
  174  10:38  Extractor  
  174  10:39  Overlord  
  174  10:40  Drone x2  
  174  10:45  Hatchery, Overlord  
  174  10:48  Neural Parasite  
  173  10:52  Spine Crawler  
  173  10:53  Spine Crawler  
  170  11:05  Chitinous Plating  
  152  11:19  Viper  
  152  11:20  Viper  
  152  11:22  Ultralisk x2, Zergling x24  
  180  11:26  Ultralisk  
  180  11:32  Corruptor x2  
  188  11:33  Queen  
  188  11:36  Drone x2  
  188  11:37  Spore Crawler  
  188  11:38  Spore Crawler  
  188  11:39  Spore Crawler x2  
  181  11:40  Spore Crawler  
  181  11:41  Infestor  
  169  11:47  Overlord x2  
  169  11:48  Overlord x3  
  165  11:58  Ultralisk  
  165  11:59  Spore Crawler  
  165  12:00  Spore Crawler  
  165  12:05  Overlord x2  
  165  12:08  Overseer x3  
  165  12:11  Ultralisk, Zergling x30  
  165  12:14  Overlord  
  185  12:22  Ultralisk  
  191  12:24  Corruptor x3  
  191  12:32  Overseer x2  
  191  12:34  Zergling x14  
  186  12:37  Overlord  
  186  12:44  Ultralisk, Zergling x8  
  174  13:09  Infestor x2  
  174  13:10  Hatchery  
  172  13:14  Infestor  
  172  13:18  Hatchery  
  171  13:31  Zergling x8  
  181  13:36  Overlord  
Tags
 
Add a new tag
Caveats
  • Supply blocks, unpowered buildings, or Contaminate may cause inaccurate times.
  • Supply counts are checked every 10 seconds.